[Event "*** Titled Tuesday 3|2 Blitz"]
[Site "Chess.com"]
[Date "2015.07.07"]
[Round "4"]
[White "IMRosen"]
[Black "pedromartinez91"]
[Result "0-1"]
[WhiteElo "2245"]
[BlackElo "2156"]
[TimeControl "180+2"]
[EndTime "11:49:54 PDT"]
[Termination "pedromartinez91 won by resignation"]

1. c4 c6 2. Nc3 d5 3. e3 Nf6 4. Nf3 g6 5. Qa4 Bg7 6. cxd5 Nxd5 7.
Qc2 O-O 8. a3 e5 9. d3 Be6 10.
Be2 Nd7 11. O-O Qe7 12. Bd2 Nc5 13. Na4 Nxa4 14. Qxa4 Rfd8 15. Rac1 Rd7 16. Rfd1 Nb6 17. Qa5 Bb3 18. Bb4 Qe8 19. Re1 Rd5 20. Rc5 Nd7 21.
Rxd5 Bxd5 22. Bd2 b6 23. Qb4 c5 24. Qa4 h6 25. e4 Be6 26. Qc2 Rc8 27. h3 Nb8 28.
Bc3 Nc6 29. Nh2 Nd4 30. Bxd4 cxd4 31. Qd2 Qa4 32. Rc1 Rc6 33. Bg4 Bb3 34. Rxc6 Qxc6 35. Bd1 Qa4 36. Bxb3 Qxb3 37. Nf3 Kh7 38. h4 h5 39. Ng5+ Kh8 40. Nf3 Kg8 41. Kf1 f6 42. Ne1 Bf8 43. Ke2 Kf7 44. Qc2 Qxc2+ 45. Nxc2 Ke6 46. f3 Be7 47. g3 f5 48. Ne1 b5 49.
Kd1 a5 50. Kc2 f4 51. gxf4 Bxh4 52. Ng2 Bg3 53. fxe5 h4 54. Nxh4 Bxh4 55. f4 Bg3 56. f5+ gxf5 57. exf5+ Kxf5 58. Kb3 Kxe5 59. a4 bxa4+ 60.
Kxa4 Be1 61. Kb5 Kd5 62. Kb6 Bc3 63. b3 Ke5 64. Kc5 Kf4 65. Kc4 Ke3 66. b4 axb4 0-1

[Event "*** Titled Tuesday 3|2 Blitz"]
[Site "Chess.com"]
[Date "2015.07.07"]
[Round "4"]
[White "Penguininja"]
[Black "chessloveyou"]
[Result "1-0"]
[WhiteElo "2118"]
[BlackElo "1980"]
[TimeControl "180+2"]
[EndTime "11:49:56 PDT"]
[Termination "Penguininja won by resignation"]

1. d4 f5 2. Nf3 Nf6 3. g3 b6 4.
Bg2 Bb7 5. O-O e6 6. c4 d5 7. Nbd2 Be7 8. b3 O-O 9. Bb2 Qe8 10. Ne5 Nbd7 11. Nd3 Rd8 12. Nf4 Bd6 13. Nf3 dxc4 14. bxc4 e5 15. dxe5 Nxe5 16. Nxe5 Bxe5 17. Qc2 Bxg2 18.
Nxg2 Bxb2 19. Qxb2 Ne4 20. Rad1 Qe6 21. Qc2 Qe5 22.
Nf4 Qc5 23. Ne6 Rxd1 24. Qxd1 Qxc4 25. Nxf8 Kxf8 26. Qd8+ Kf7 27. Rd1 Nf6 28. Qd2 c5 29. Rc1 Qe6 30. Qc2 Qe7 31. Rd1 g6 32. Qc4+ Kg7 33.
Qd3 Kh6 34. Qd2+ Kg7 35. Kf1 h6 36. Qd3 Qe6 37. a3 Qc6 38. f3 Qe8 39. Qc3 Kf7 40. Rd6 Qe7 41. Rd1 Qe6 42. Qd3 Kg7 43. Qc3 Kf7 44.
Qd2 Kg7 45. a4 Qe8 46. a5 b5 47. a6 b4 48. Qb2 Qb5 49. Rd6 c4 50. Qxf6+ 1-0

[Event "*** Titled Tuesday 3|2 Blitz"]
[Site "Chess.com"]
[Date "2015.07.07"]
[Round "4"]
[White "HansCoolNiemann"]
[Black "GMHess"]
[Result "0-1"]
[WhiteElo "1950"]
[BlackElo "2543"]
[TimeControl "180+2"]
[EndTime "11:50:02 PDT"]
[Termination "GMHess won by checkmate"]

1. d4 g6 2. e4 Bg7 3. Nc3 d6 4. Be2 Nf6 5. Be3 O-O 6. g4 Nc6 7. h4 e5 8. d5 Nd4 9. g5 Nxe2 10. Ngxe2 Nh5 11. Ng3 Nf4 12. Qd2 f6 13. O-O-O fxg5 14. hxg5 Qxg5 15. Rdg1 Qe7 16. Nce2 Bd7 17. c3 Nxe2+ 18.
Qxe2 Rf7 19. f3 Qf6 20. Rf1 Raf8 21. Qh2 Bh8 22. Rhg1 Bb5 23. Rf2 c6 24. Nf5 Bg7 25. Rh1 h5 26. Rg2 cxd5 27. Bg5 Qe6 28. Bh6 Rxf5 29.
Bxg7 dxe4 30. Bxf8 exf3 31. Rf2 Kxf8 32. Qh4 Ke8 33. Rd1 Qf6 34. Qe4 Bc6 35. Qe3 e4 36. Kc2 Ra5 37. a3 Ba4+ 38. b3 Bc6 39. Kb2 Qg5 40.
Qd4 Qe5 41. Qe3 Qc5 42. Qxc5 Rxc5 43. Rxd6 Rg5 44. Kc2 Rg2 45. Rxg2 fxg2 46. Rxg6 e3 47. Kd3 Be4+ 48. Kxe4 e2 49. Rxg2 e1=Q+ 50. Kf3 Qd1+ 51. Kg3 Qxb3 52. Re2+ Kd7 53. Re3 Qc4 54. Rf3 Qg4+ 55. Kf2 Qxf3+ 56. Kxf3 Kc6 57. Kg3 Kc5 58. Kh4 Kc4 59.
Kxh5 Kxc3 60. Kg5 Kb3 61. Kf6 Kxa3 62. Ke7 b5 63. Kd7 b4 64. Kc7 a5 65. Kb6 a4 66.
Kc5 b3 67. Kc4 b2 68. Kd4 b1=Q 69. Kc5 Kb2 70. Kd5 a3 71. Kc6 a2 72. Kd6 a1=Q 73.
Kc5 Qa5+ 74. Kd4 Qd1+ 75. Ke3 Qc3+ 76. Kf2 Qcf3# 0-1

[Event "*** Titled Tuesday 3|2 Blitz"]
[Site "Chess.com"]
[Date "2015.07.07"]
[Round "4"]
[White "alexsuper1987"]
[Black "WanderingPuppet"]
[Result "1/2-1/2"]
[WhiteElo "2030"]
[BlackElo "2187"]
[TimeControl "180+2"]
[EndTime "11:50:21 PDT"]
[Termination "Game drawn by agreement"]

1. e4 c5 2. Nf3 d6 3. d4 cxd4 4.
Nxd4 Nf6 5. Nc3 a6 6. Be3 e6 7. Be2 b5 8. Bf3 e5 9. Nb3 Bb7 10. a4 b4 11. Nd5 Bxd5 12. exd5 Nbd7 13. a5 Qc7 14. O-O Be7 15. Bg4 O-O 16. Bxd7 Nxd7 17. Qd2 f5 18. Qxb4 Qxc2 19. Rfc1 Qxb2 20. Rab1 Qe2 21. Rc7 Rfd8 22. Re1 Qd3 23. Bb6 Qxd5 24. h3 Bf6 25. Nd2 Nc5 26. Qc4 Qxc4 27. Nxc4 Nd3 28. Rd1 e4 29. Rc6 Rdc8 30. Rxc8+ Rxc8 31. Nxd6 Rc2 32. Nxf5 h6 33. Ng3 Ra2 34. Nxe4 Ne5 35. Nxf6+ gxf6 36. Rd6 Kf7 37. Rd8 Kg6 38. Ra8 Nc4 39.
Rxa6 Nxb6 40. Rxb6 Rxa5 41. Rb4 h5 42. g3 Ra2 43. Kg2 Kg5 44. Rb3 Kg6 45. Kf3 Kf5 46. Ke3 Ra1 47. Rb5+ Kg6 48. Kf4 Rh1 49. h4 Rh2 50. f3 Ra2 51. Rb4 Ra3 52. g4 hxg4 53.
Kxg4 Ra5 54. f4 f5+ 55. Kg3 Ra3+ 56. Kf2 Kh5 57. Rb5 Kg4 58. h5 Kxf4 59. h6 Ra7 60.
Rb4+ Kg5 61. h7 Rxh7 62. Kg2 Rd7 63. Ra4 Rd3 64. Kf2 f4 65. Ra8 Kg4 66. Rg8+ Kf5 1/2-1/2

[Event "*** Titled Tuesday 3|2 Blitz"]
[Site "Chess.com"]
[Date "2015.07.07"]
[Round "4"]
[White "ChessWarrior7197"]
[Black "newtie4"]
[Result "1-0"]
[WhiteElo "2318"]
[BlackElo "2449"]
[TimeControl "180+2"]
[EndTime "11:50:29 PDT"]
[Termination "ChessWarrior7197 won by resignation"]

1. e4 e5 2. Nf3 Nc6 3. Bb5 Nge7 4. O-O g6 5. d4 exd4 6. Nxd4 Bg7 7. Nxc6 bxc6 8.
Be2 O-O 9. c3 d5 10. Nd2 Rb8 11. Re1 Be6 12. exd5 cxd5 13. Nf3 c5 14. Qc2 Qc7 15.
Bg5 h6 16. Be3 Nf5 17. Bd2 Rfd8 18. Rad1 Qb6 19. Bc1 Rbc8 20. Bd3 a5 21. h4 c4 22. Bf1 d4 23. cxd4 Nxd4 24. Nxd4 Bxd4 25. Be3 Qxb2 26.
Rc1 Qxc2 27. Rxc2 Bxe3 28. Rxe3 Rd1 29. f3 Bf5 30. Rcc3 Rb8 31. Kf2 Rb2+ 32. Re2 Rdd2 33. Rxd2 Rxd2+ 34. Kg3 Rxa2 35. Bxc4 Rb2 36. Bd5 Rb5 37.
Ba2 Rb7 38. Kf4 Kg7 39. g4 Bd7 40. Bd5 Ra7 41. Ke5 a4 42. Ra3 Bb5 43. Kd4 Ra6 44.
Kc5 Bd7 45. Bc4 Rc6+ 46. Kd4 Rd6+ 47. Kc5 Rd2 48. g5 hxg5 49. hxg5 Rg2 50. Kd6 Rd2+ 51. Kc5 f6 52. gxf6+ Kxf6 53. Re3 g5 54. Kb4 Rd4 55. Kc5 Rf4 56. Bd5 Rf5 57. Kd6 Bc8 58. Bc6 Rf4 59.
Ra3 Rd4+ 60. Kc5 Ke5 61. Re3+ Kf4 62. Kxd4 1-0

[Event "*** Titled Tuesday 3|2 Blitz"]
[Site "Chess.com"]
[Date "2015.07.07"]
[Round "4"]
[White "jup1978"]
[Black "TheLancer"]
[Result "0-1"]
[WhiteElo "2154"]
[BlackElo "2275"]
[TimeControl "180+2"]
[EndTime "11:50:39 PDT"]
[Termination "TheLancer won by resignation"]

1. e4 c5 2. Nf3 g6 3. d4 cxd4 4. Nxd4 Bg7 5. Nb3 Nc6 6. Be2 Nf6 7. Nc3 d6 8. O-O a5 9. a4 O-O 10. Bg5 Nb4 11. f4 Be6 12. Nd4 Qb6 13. Kh1 Rac8 14.
Nxe6 fxe6 15. Bf3 Rc4 16. Bh4 Rfc8 17. Bf2 Qd8 18. Re1 e5 19. fxe5 dxe5 20. Qe2 Rxc3 21. bxc3 Rxc3 22. Qb5 Rxc2 23. Bb6 Qd3 24. Bxa5 Qxb5 25.
axb5 Nd3 26. Re2 Rxe2 27. Bxe2 Nf2+ 28. Kg1 N2xe4 29. Bc4+ Kf8 30. Bc7 Nd6 31. Be6 Bh6 32. Ra8+ Kg7 33. b6 Be3+ 34. Kf1 Nfe4 35. Bd5 Nc3 36.
Rg8+ Kf6 37. Bxb7 Nxb7 38. Rb8 Nd6 39. b7 Nxb7 40. Rxb7 Bd4 41. Ba5 Nd5 42. Bd2 h5 43. Ke2 e4 44. Rd7 e6 45. h4 e3 46. Bc1 Ke5 47. Rb7 Ke4 48. Bb2 e5 49. g3 Bxb2 50.
Rxb2 Nc3+ 51. Ke1 Kf3 52. Rb5 e4 53. Rg5 e2 54. Rxg6 Nd5 55. Re6 Ke3 56. Re5 Nb4 57. Rxe4+ Kxe4 58. Kxe2 Nd5 59. Kf2 Nf6 60. Kg2 Ng4 61.
Kh3 Ke3 62. Kg2 Nf6 63. Kh3 Kf3 64. Kh2 Kg4 65. Kg2 Ne4 66. Kh2 Nxg3 67. Kg2 Nf5 68. Kh2 Kxh4 69. Kg2 Kg4 70. Kh2 h4 71. Kh1 h3 72. Kh2 Nh4 73. Kh1 Kg3 74. Kg1 Ng6 75. Kh1 Ne5 76. Kg1 Nc4 77. Kh1 Nd2 78. Kg1 Ne4 79.
Kh1 Nf2+ 80. Kg1 h2+ 0-1

[Event "*** Titled Tuesday 3|2 Blitz"]
[Site "Chess.com"]
[Date "2015.07.07"]
[Round "4"]
[White "MichiganEagle"]
[Black "Recombinant"]
[Result "1-0"]
[WhiteElo "2276"]
[BlackElo "2120"]
[TimeControl "180+2"]
[EndTime "11:50:40 PDT"]
[Termination "MichiganEagle won on time"]

1. d4 Nf6 2. Nf3 d5 3. c4 dxc4 4. Qa4+ Nbd7 5. Nc3 e6 6. e4 a6 7. Bxc4 c5 8. dxc5 Bxc5 9. Bg5 h6 10. Bh4 g5 11. Bg3 O-O 12. e5 Nh5 13. Qc2 b5 14. Bb3 Bb7 15. Rd1 Qe7 16. Ne4 Bb4+ 17. Kf1 Rac8 18.
Qe2 Bxe4 19. Qxe4 Nc5 20. Qxb4 Rfd8 21. h4 Nxg3+ 22. fxg3 Rxd1+ 23. Bxd1 Qd7 24. Be2 Nd3 25. Bxd3 Rc1+ 26. Ke2 Rxh1 27. Qe4 gxh4 28. Qh7+ Kf8 29. Qxh6+ Ke8 30. Qh8+ Ke7 31. Qf6+ Ke8 32. Ng5 hxg3 33.
Ne4 Qc6 34. Nd6+ Kd7 35. Qxf7+ Kd8 36. Qf8+ Kc7 37. Be4 Re1+ 38. Kxe1 Qc1+ 39. Ke2 Qxb2+ 40. Ke3 Qc3+ 41. Bd3 Qxe5+ 42. Ne4 Kb6 43. Qd8+ Kb7 44. Qd7+ Kb8 45. Qc6 Qh5 46. Qb6+ Kc8 47. Qxa6+ Kd8 48.
Qb6+ Ke7 49. Qc7+ Kf8 50. Qf4+ Ke7 51. Qxg3 Qd1 52. Qd6+ Kf7 53. Qd7+ Kf8 54. Qxe6 Qc1+ 55. Kd4 Qb2+ 56. Kc5 Qa3+ 57. Kb6 Qxd3 58. Qd6+ Qxd6+ 59. Nxd6 b4 60. Kb5 Ke7 61. Kxb4 Kxd6 62. a4 1-0

[Event "*** Titled Tuesday 3|2 Blitz"]
[Site "Chess.com"]
[Date "2015.07.07"]
[Round "4"]
[White "MinhGTrAn"]
[Black "VSERGUEI"]
[Result "1-0"]
[WhiteElo "2581"]
[BlackElo "2539"]
[TimeControl "180+2"]
[EndTime "11:50:50 PDT"]
[Termination "MinhGTrAn won by checkmate"]

1. d4 d5 2. c4 c6 3. Nc3 Nf6 4. cxd5 cxd5 5. Bf4 Nc6 6. e3 a6 7. Rc1 Bg4 8. f3 Bd7 9. g4 e6 10. Bd3 Qb6 11. Qd2 Rc8 12. h4 Be7 13. Nge2 Na5 14. b3 Ba3 15. Rc2 Bb4 16. Kf2 Nc6 17. Qc1 Ne7 18. a3 Bxc3 19. Rxc3 Rxc3 20. Qxc3 O-O 21.
h5 Rc8 22. Qb2 Bb5 23. Bxb5 Qxb5 24. h6 Ng6 25. hxg7 Qd3 26. Rc1 Rxc1 27. Nxc1 Qd1 28. Bg3 h5 29. Be5 hxg4 30. Qe2 Qxe2+ 31. Nxe2 Nxe5 32. dxe5 gxf3 33. exf6 fxe2 34. Kxe2 Kh7 35. Kf3 Kg8 36. Kf4 Kh7 37. Ke5 Kg8 38. a4 a5 39. Kd6 Kh7 40. Kc5 Kg8 41. Kb5 e5 42. Kc5 d4 43. exd4 e4 44. Kc4 b5+ 45. axb5 a4 46. bxa4 Kh7 47. b6 e3 48. Kd3 e2 49.
Kxe2 Kg6 50. g8=Q+ Kf5 51. b7 Ke4 52. b8=Q Kd5 53.
a5 Kc4 54. a6 Kc3 55. a7 Kc4 56. a8=Q Kc3 57. Qxf7 Kc2 58. Qfe8 Kc1 59. d5 Kc2 60. d6 Kc3 61. d7 Kc4 62. f7 Kc3 63. d8=Q Kc4 64.
f8=Q Kc3 65. Qc5# 1-0

[Event "*** Titled Tuesday 3|2 Blitz"]
[Site "Chess.com"]
[Date "2015.07.07"]
[Round "4"]
[White "Viaje"]
[Black "alturas_pacificas"]
[Result "0-1"]
[WhiteElo "2226"]
[BlackElo "2066"]
[TimeControl "180+2"]
[EndTime "11:51:17 PDT"]
[Termination "alturas_pacificas won by checkmate"]

1. d4 d5 2. c4 c6 3. Nf3 Nf6 4.
Nc3 e6 5. Bg5 Nbd7 6. e3 Be7 7.
Bd3 dxc4 8. Bxc4 b5 9. Bd3 Bb7 10. O-O a6 11. a4 O-O 12. Rc1 Qb6 13. Ne4 Rfe8 14. Qc2 h6 15. Bxf6 Nxf6 16. Nxf6+ Bxf6 17. Ne5 Bxe5 18. dxe5 Rac8 19. Qc5 Qxc5 20. Rxc5 Red8 21.
Rd1 bxa4 22. Kf1 Rd5 23. Rxd5 cxd5 24. Ra1 Bc6 25. Bxa6 Rb8 26. Ra2 Bb5+ 27. Bxb5 Rxb5 28. Rxa4 Rxb2 29. f4 g6 30. h3 h5 31. Ra3 Kg7 32.
Kg1 h4 33. Kf1 Rd2 34. Ra7 d4 35. e4 d3 36. Rd7 Rd1+ 37. Kf2 d2 38. Rd8 Kh7 39. Rd7 Kg7 40. Rd8 Kh7 41. Rd6 Kg7 42. Rd3 Kh6 43. Rd4 Kg7 44. Rd6 Kg8 45. Rd8+ Kg7 46. Rd3 Kh6 47. Ke2 Rg1 48. Kxd2 Rxg2+ 49. Ke1 Ra2 50. Kf1 g5 51. f5 Ra4 52. Re3 Kh5 53.
Kf2 g4 54. hxg4+ Kxg4 55. fxe6 fxe6 56. Kg2 Ra2+ 57. Kg1 h3 58. Rb3 Re2 59. Rb6 Kg3 60.
Rb3+ Kf4 61. Rxh3 Rxe4 62. Kf2 Kxe5 63. Rd3 Rd4 64. Re3+ Kf5 65. Ke2 Re4 66. Kf3 Rxe3+ 67. Kxe3 Ke5 68. Kd3 Kf4 69. Ke2 Ke4 70. Kf2 Kd3 71.
Kf1 e5 72. Ke1 Ke3 73. Kd1 Kf2 74. Kd2 e4 75. Kc3 e3 76. Kd4 e2 77. Ke5 e1=Q+ 78. Kf6 Kf3 79. Kg7 Kf4 80. Kf7 Kf5 81. Kg7 Qe6 82. Kf8 Qd7 83. Kg8 Kg6 84. Kh8 Qd8# 0-1

[Event "*** Titled Tuesday 3|2 Blitz"]
[Site "Chess.com"]
[Date "2015.07.07"]
[Round "4"]
[White "kharposh"]
[Black "AlexCn1"]
[Result "0-1"]
[WhiteElo "2176"]
[BlackElo "2047"]
[TimeControl "180+2"]
[EndTime "11:51:35 PDT"]
[Termination "AlexCn1 won by resignation"]

1. e4 d6 2. d4 Nf6 3. Nc3 g6 4. g3 Bg7 5. Bg2 O-O 6. Nge2 Nc6 7. O-O e5 8. h3 exd4 9. Nb5 Re8 10. Bg5 h6 11.
Bxf6 Bxf6 12. Nbxd4 Nxd4 13. Nxd4 c5 14. Ne2 Bxb2 15.
Rb1 Bg7 16. Nf4 Rb8 17. Qd3 b6 18. Rfd1 Bb7 19. Nd5 Rc8 20. a4 Qd7 21. a5 bxa5 22.
e5 Bxd5 23. Qxd5 Bxe5 24. Rb7 Rc7 25. Rdb1 Rxb7 26. Rxb7 Qe6 27. Qxe6 Rxe6 28. Bd5 Rf6 29. Rxa7 Bd4 30. Rxa5 Rxf2 31. Ra8+ Kg7 32. c3 Rf5+ 33. cxd4 Rxd5 34. dxc5 Rxc5 35. Kf2 Rc2+ 36. Kf3 Rc3+ 37. Kf4 Kf6 38. h4 Rc4+ 39. Kf3 Ke5 40. Re8+ Kf5 41. Rd8 Rc3+ 42. Kf2 Rd3 43. Ke2 Rd5 44. Ke3 g5 45. Rh8 Kg6 46. Rg8+ Kh5 47. hxg5 Rxg5 48. Rd8 Rxg3+ 49.
Ke4 Rg6 50. Kf5 Re6 51. Rd7 Re5+ 52. Kf4 Re6 53. Rxf7 Kg6 54. Rd7 Rf6+ 55. Kg4 Re6 56.
Rd8 Kf6 57. Kh5 Ke5 58. Rd7 d5 59. Kg4 Ke4 60. Kg3 d4 61. Kf2 d3 62. Ke1 Ke3 63. Rg7 Rf6 64. Rg3+ Rf3 65. Rg6 d2+ 66. Kd1 Rf1+ 0-1

[Event "*** Titled Tuesday 3|2 Blitz"]
[Site "Chess.com"]
[Date "2015.07.07"]
[Round "5"]
[White "jup1978"]
[Black "Schemato"]
[Result "0-1"]
[WhiteElo "2143"]
[BlackElo "2020"]
[TimeControl "180+2"]
[EndTime "11:54:02 PDT"]
[Termination "Schemato won by resignation"]

1. e4 e6 2. d4 d5 3. Nc3 Nf6 4. Bg5 Bb4 5. Bxf6 Qxf6 6. e5 Qd8 7. Ne2 c5 8. a3 cxd4 9. axb4 dxc3 10. bxc3 O-O 11.
Nd4 Nc6 12. f4 Nxd4 13. cxd4 Qc7 14. Bd3 Qc3+ 15. Ke2 g6 16. h4 Qxd4 17. h5 Qxf4 18. Qe1 0-1

[Event "*** Titled Tuesday 3|2 Blitz"]
[Site "Chess.com"]
[Date "2015.07.07"]
[Round "5"]
[White "nijat_a"]
[Black "LuckyTiger"]
[Result "1-0"]
[WhiteElo "2644"]
[BlackElo "2437"]
[TimeControl "180+2"]
[EndTime "11:57:06 PDT"]
[Termination "nijat_a won by resignation"]

1. e4 e6 2. d4 d5 3. Nc3 Nf6 4. e5 Nfd7 5. f4 c5 6. Nf3 Nc6 7. Be3 a6 8. Qd2 b5 9. f5 cxd4 10. Nxd4 Ndxe5 11. fxe6 Bxe6 12. O-O-O Bb4 13. Nxc6 Nxc6 14.
a3 Ba5 15. b4 Bc7 16. Nxd5 O-O 17. Nxc7 Qxc7 18. Qd6 Qb7 19. Be2 Rfd8 20. Qc5 Rdc8 21. Bf3 a5 22. Rd6 Ra6 23. Rhd1 h6 24. Rd8+ Kh7 25. Be4+ g6 26. Qf8 1-0

[Event "*** Titled Tuesday 3|2 Blitz"]
[Site "Chess.com"]
[Date "2015.07.07"]
[Round "5"]
[White "matein28"]
[Black "chessloveyou"]
[Result "1-0"]
[WhiteElo "2186"]
[BlackElo "1976"]
[TimeControl "180+2"]
[EndTime "11:57:40 PDT"]
[Termination "matein28 won by resignation"]

1. d4 Nf6 2. c4 g6 3. Nf3 d5 4.
Nc3 Bg7 5. e3 c6 6. Be2 O-O 7.
O-O dxc4 8. Bxc4 Nbd7 9. a4 Nb6 10. Be2 Nbd5 11. Nxd5 cxd5 12. b3 Ne4 13. Ba3 Nc3 14. Qd2 Nxe2+ 15. Qxe2 Re8 16. Ne5 Bf5 17. Qb5 Rb8 18.
Rac1 a6 19. Qc5 b5 20. Qc7 b4 21. Bb2 Qxc7 22. Rxc7 Bf6 23. Rfc1 Rec8 24. Rxc8+ Rxc8 25. Rxc8+ Bxc8 26. Nc6 Bb7 27. Nxb4 e6 28. Nd3 Be7 29. b4 Kf8 30. Bc3 f6 31. f4 Ke8 32. Kf2 Kd7 33. g4 Bc6 34. Nb2 Kd6 35. Kg3 Bf8 36. b5 axb5 37. axb5 Bxb5 38. Bb4+ 1-0

[Event "*** Titled Tuesday 3|2 Blitz"]
[Site "Chess.com"]
[Date "2015.07.07"]
[Round "5"]
[White "FMchesskid"]
[Black "1random"]
[Result "0-1"]
[WhiteElo "1908"]
[BlackElo "1992"]
[TimeControl "180+2"]
[EndTime "11:57:55 PDT"]
[Termination "1random won by resignation"]

1. g3 Nf6 2. Bg2 d5 3. Nf3 e6 4. O-O Be7 5. c4 O-O 6. Nc3 d4 7. Nb1 c5 8. d3 Nc6 9. e3 Ne8 10.
exd4 cxd4 11. Nbd2 f6 12. a3 a5 13. Rb1 e5 14.
Re1 Nd6 15. Ne4 Nxe4 16. Rxe4 Bf5 17. Re1 Qd7 18. Nh4 Be6 19. Bd2 a4 20. f4 Bd6 21.
Nf3 Bh3 22. fxe5 fxe5 23. Ng5 Bxg2 24. Kxg2 Qf5 25. Rf1 Qxd3 26. Rc1 h6 27. Nf3 e4 0-1

[Event "*** Titled Tuesday 3|2 Blitz"]
[Site "Chess.com"]
[Date "2015.07.07"]
[Round "5"]
[White "patzerplay"]
[Black "Recombinant"]
[Result "1-0"]
[WhiteElo "2193"]
[BlackElo "2114"]
[TimeControl "180+2"]
[EndTime "11:58:00 PDT"]
[Termination "patzerplay won by resignation"]

1. e4 e5 2. Nf3 Nc6 3. Bb5 f5 4. d3 fxe4 5. dxe4 Nf6 6. Bg5 Bc5 7. Nbd2 O-O 8. O-O d6 9. h3 Be6 10. Qe2 a6 11. Bc4 Qe7 12. Bxe6+ Qxe6 13. c3 Ba7 14.
Nh4 Ne7 15. b3 h6 16. Be3 Bxe3 17. Qxe3 Nh5 18. Rad1 Nf4 19. Rfe1 Qf6 20. Qg3 g5 21. Nhf3 Kh7 22. Nf1 Rg8 23. Ne3 Raf8 24. c4 Nh5 25.
Qg4 Nf4 26. c5 h5 27. Qd7 Rg7 28. cxd6 Nxh3+ 29. Qxh3 g4 30. Qxh5+ Kg8 31. Nxg4 Qf4 32. Nh6+ Kh7 33. dxe7 Rxe7 34. Nf5+ 1-0

[Event "*** Titled Tuesday 3|2 Blitz"]
[Site "Chess.com"]
[Date "2015.07.07"]
[Round "5"]
[White "MFBerna"]
[Black "GMHess"]
[Result "0-1"]
[WhiteElo "2102"]
[BlackElo "2544"]
[TimeControl "180+2"]
[EndTime "11:58:23 PDT"]
[Termination "GMHess won by resignation"]

1. e4 g6 2. d4 Bg7 3. Nf3 d6 4. Nc3 Nf6 5. Be2 c6 6. O-O O-O 7. h3 Qc7 8. Re1 e5 9. Bf1 Nbd7 10. Be3 Re8 11. Bg5 b5 12. a3 Bb7 13. Qd2 a6 14.
Rad1 Nf8 15. dxe5 dxe5 16. Qd6 Qxd6 17. Rxd6 Ne6 18. Be3 Nh5 19. Ng5 Nxg5 20. Bxg5 Nf4 21. Rd7 Bc8 22. Rc7 Ne6 23. Rxc8 Raxc8 24. Be3 Nd4 25. Bd3 Red8 26. Nd1 c5 27. c3 Nf3+ 28.
gxf3 Rxd3 29. Bc1 b4 30. Ne3 bxa3 31. bxa3 Rb8 32. Nd5 Rb1 33. Kf1 Rxf3 34. Kg2 Rd3 35. Ne7+ Kf8 36. Nd5 f5 37. f3 Kf7 38. Rf1 Ke6 39.
Nc7+ Kd7 40. Nd5 Kd6 41. Re1 Rxd5 42. exd5 Bh6 43. Bd2 Rb2 0-1

[Event "*** Titled Tuesday 3|2 Blitz"]
[Site "Chess.com"]
[Date "2015.07.07"]
[Round "5"]
[White "lexiel"]
[Black "Hikaru"]
[Result "0-1"]
[WhiteElo "2224"]
[BlackElo "2839"]
[TimeControl "180+2"]
[EndTime "11:59:07 PDT"]
[Termination "Hikaru won by resignation"]

1. b3 e5 2. Bb2 Nc6 3. e3 Nf6 4. h3 g6 5. Bb5 d6 6. Ne2 Bg7 7. O-O O-O 8. Bxc6 bxc6 9. d3 Nd5 10. Nd2 f5 11. c4 Nb4 12. Qb1 c5 13. d4 cxd4 14.
exd4 e4 15. d5 Qe7 16. Nd4 Bd7 17. Re1 Rae8 18. Re3 Nd3 19. Rxd3 exd3 20. Qxd3 g5 21. Bc3 g4 22. Nf1 Qe4 23. Rd1 Qxd3 24. Rxd3 Re7 25. hxg4 fxg4 26. Ne3 h5 27. g3 Bh6 28. Bd2 Re4 29.
Ne2 Kh7 30. Nc3 Re7 31. Ncd1 Be8 32. Rc3 Bg7 33. Rc1 Bg6 34. Nc3 Ref7 35. Be1 Bd4 36.
Ncd1 a6 37. Ng2 Rf3 38. Nde3 h4 39. Rd1 Bxe3 40. fxe3 Rf1+ 41. Kh2 h3 42. Nf4 Be4 0-1

[Event "*** Titled Tuesday 3|2 Blitz"]
[Site "Chess.com"]
[Date "2015.07.07"]
[Round "5"]
[White "eltenedor"]
[Black "Keranke"]
[Result "0-1"]
[WhiteElo "2015"]
[BlackElo "2532"]
[TimeControl "180+2"]
[EndTime "11:59:07 PDT"]
[Termination "Keranke won by resignation"]

1. c4 g6 2. g3 Bg7 3. Bg2 Nf6 4. Nc3 O-O 5. e3 d6 6. Nge2 c5 7. O-O Nc6 8. h3 a6 9. d3 Rb8 10. b3 Bd7 11. Bb2 b5 12. cxb5 axb5 13. d4 cxd4 14.
Nxd4 Qb6 15. Ndxb5 Rfc8 16. Rc1 Qa6 17. Nd4 Nb4 18.
Qd2 Nd3 19. Rc2 e5 20. Nde2 d5 21. Kh2 e4 22. Nf4 Nxb2 23. Rxb2 Rxc3 24. Ne2 Rd3 25.
Qc2 Rc8 26. Qb1 Qa3 27. Nd4 Rdc3 28. Rc2 Rxc2 29. Nxc2 Qc5 30. Nd4 Bb5 31. Rd1 Bd3 32. Qb2 Nd7 33. Rd2 Ne5 34. b4 Qb6 35. a4 Nc4 36. Qa2 Nxd2 37. Qxd2 Bxd4 38. exd4 Qxd4 39. a5 Rc2 0-1

[Event "*** Titled Tuesday 3|2 Blitz"]
[Site "Chess.com"]
[Date "2015.07.07"]
[Round "5"]
[White "PauloCesarCosta"]
[Black "HansCoolNiemann"]
[Result "0-1"]
[WhiteElo "2008"]
[BlackElo "1961"]
[TimeControl "180+2"]
[EndTime "11:59:09 PDT"]
[Termination "HansCoolNiemann won on time"]

1. Nf3 Nf6 2. c4 g6 3. g3 Bg7 4. Bg2 d5 5. O-O O-O 6. cxd5 Nxd5 7. Nc3 Nb6 8. d3 Nc6 9. Be3 e5 10. Rc1 Qe7 11. Qd2 Rd8 12. Bg5 f6 13. Bh6 Nc4 14. dxc4 Rxd2 15. Bxd2 e4 16. Ne1 f5 17. Be3 Be6 18. Nd5 Qf7 19. Rd1 Bxb2 20. Nc2 Na5 21. Nd4 Bd7 22. Rd2 Nxc4 23. Rc2 Qxd5 24. Rb1 Bxd4 25.
Bxd4 Qxd4 26. e3 Qd3 27. Rbc1 b5 28. Bf1 Qd6 29. Bxc4+ bxc4 30. Rxc4 Rc8 31. h4 c5 32. Kg2 Be6 33. R4c3 c4 34. a3 Qd3 35. R1c2 Qd6 36.
Rc1 Rb8 37. R1c2 Rb3 38. a4 Rxc3 39. Rxc3 Qd2 0-1

[Event "*** Titled Tuesday 3|2 Blitz"]
[Site "Chess.com"]
[Date "2015.07.07"]
[Round "5"]
[White "Danirod"]
[Black "goldaxe"]
[Result "1-0"]
[WhiteElo "2403"]
[BlackElo "2153"]
[TimeControl "180+2"]
[EndTime "11:59:26 PDT"]
[Termination "Danirod won by resignation"]

1. e4 e5 2. Nf3 Nc6 3. Bc4 Bc5 4. c3 Nf6 5. d4 exd4 6. cxd4 Bb4+ 7. Bd2 Nxe4 8.
Bxb4 Nxb4 9. Bxf7+ Kxf7 10. Qb3+ d5 11. Ne5+ Ke6 12. Qxb4 Qf8 13. Qxf8 Rxf8 14. f3 Nd6 15.
Nc3 Nf5 16. O-O-O c6 17. Rhe1 Kd6 18. Kc2 Be6 19. f4 Nh4 20. g3 Bf5+ 21. Kd2 Ng6 22. Na4 Nxe5 23. Rxe5 b6 24. Nc3 Rae8 25. Rde1 Rxe5 26.
Rxe5 h5 27. b4 g6 28. b5 Be6 29. bxc6 a6 30. Na4 Rc8 31. Nxb6 Rxc6 32. Na4 Rc4 33.
Nc5 Rxd4+ 34. Ke3 Kxc5 35. Rxe6 Ra4 36. Rxg6 Rxa2 37. f5 d4+ 38. Ke4 Re2+ 39. Kf3 d3 40. Rxa6 Rxh2 41. Ra8 Kd4 42. f6 Rh1 43. Kg2 d2 44.
Rd8+ Ke3 45. Kxh1 1-0

[Event "*** Titled Tuesday 3|2 Blitz"]
[Site "Chess.com"]
[Date "2015.07.07"]
[Round "5"]
[White "newtie4"]
[Black "Tirantes"]
[Result "1/2-1/2"]
[WhiteElo "2439"]
[BlackElo "2213"]
[TimeControl "180+2"]
[EndTime "11:59:28 PDT"]
[Termination "Game drawn by repetition"]

1. d4 Nf6 2. Nf3 e6 3. c4 b6 4.
g3 Bb7 5. Bg2 Be7 6. O-O O-O 7.
Re1 Na6 8. a3 c5 9. d5 exd5 10.
Nh4 Nc7 11. Nc3 Ne4 12. Nf5 Nxc3 13. bxc3 Bf6 14. Qc2 Bc6 15. Rd1 d4 16. cxd4 Bxg2 17. Kxg2 d5 18. Bb2 Qd7 19. Rac1 Rfe8 20. Ba1 Re4 21.
Ne3 Rae8 22. dxc5 Bxa1 23. cxd5 Bd4 24. d6 Nb5 25. c6 Qxd6 26. c7 Nxc7 27. Qxc7 Qxc7 28.
Rxc7 Bxe3 29. fxe3 Rxe3 30. Rdd7 Rxe2+ 31. Kf3 R2e3+ 32. Kf2 Re2+ 33. Kf3 R2e3+ 34. Kf2 Re2+ 35. Kf3 R2e3+ 1/2-1/2

[Event "*** Titled Tuesday 3|2 Blitz"]
[Site "Chess.com"]
[Date "2015.07.07"]
[Round "5"]
[White "ChessWarrior7197"]
[Black "BjarkeSahl"]
[Result "1-0"]
[WhiteElo "2322"]
[BlackElo "2114"]
[TimeControl "180+2"]
[EndTime "11:59:33 PDT"]
[Termination "ChessWarrior7197 won by resignation"]

1. e4 c5 2. Nf3 d6 3. d4 cxd4 4. Nxd4 Nf6 5. Nc3 a6 6. Be2 e5 7.
Nb3 h6 8. O-O Be7 9. Be3 Be6 10.
f3 Nbd7 11. a4 b6 12. Qe1 Qc7 13. Qf2 Qb7 14. Rfd1 O-O 15. g4 Rfc8 16. h4 Rxc3 17. bxc3 Nh7 18. c4 Qc6 19. a5 b5 20. cxb5 axb5 21. Bd3 Nhf8 22. h5 Bc4 23. a6 Rxa6 24.
Rxa6 Qxa6 25. Qe2 Ne6 26. Bxc4 bxc4 27. Nd2 Bg5 28. Bxg5 Nd4 29. Qxc4 Nxf3+ 30. Kg2 Qxc4 31. Nxc4 Nxg5 32. Nxd6 f6 33. c4 Kf8 34. Kf2 Nc5 35.
Ke3 Nge6 36. Rd5 Nb3 37. Nf5 Nbc5 38. Rd6 Nf4 39. Rd8+ Kf7 40. Rc8 Nfe6 41. Rc6 g6 42. Ng3 gxh5 43. gxh5 Ng5 44. Rxc5 1-0